 Dungeon Crawl Stone Soup version 0.30-a0-723-gc1506a1cf0 (webtiles) character file.

Game seed: 5154827360463140629

10425 Shayle the Covert (level 11, -16/67 HPs)
             Began as a Tengu Brigand on Jan 28, 2023.
             Was a Follower of Ashenzari.
             Demolished by a minotaur
             ... wielding a +3 heavy broad axe
              (38 damage)
             ... in a Gauntlet.
             The game lasted 00:34:24 (9103 turns).

Shayle the Covert (Tengu Brigand)                   Turns: 9103, Time: 00:34:25

Health: -16/67     AC: 10    Str: 11    XL:     11   Next: 61%
Magic:  15/15      EV: 18    Int: 17    God:    Ashenzari [*.....]
Gold:   245        SH:  3    Dex: 15    Spells: 11/14 levels left

rFire   + . .      SeeInvis +    g - +5 dagger "Faovoygy" {heavy, SInv}
rCold   . . .      Faith    .    B - +0 buckler
rNeg    . . .      Spirit   .    i - +3 leather armour
rPois   .          Reflect  .    (helmet restricted)
rElec   .          Harm     .    c - +2 cloak "Share My Levity" {Fort, Cun} (curse)
rCorr   .          Rampage  .    h - +0 pair of gloves
Will    .....      NoTele   +    (boots unavailable)
Stlth   +++++                    o - amulet of regeneration
HPRegen 1.11/turn                m - ring "Share My Repose" {SInv, Elem, Comp} (curse)
MPRegen 0.14/turn                Q - ring of protection from fire

@: flying quickly and evasively, quick
A: beak, talons 3, nimble flight
a: Renounce Religion, Curse Item, Shatter the Chains


You were in a Gauntlet.
You worshipped Ashenzari.
Ashenzari was aware of your devotion.
You visited 3 branches of the dungeon, and saw 12 of its levels.
You also visited: Gauntlet.

You collected 560 gold pieces.
You spent 315 gold pieces at shops.

Inventory:

Hand Weapons
 a - a +2 dagger
 e - a +2 antimagic trident
 g - the +5 dagger "Faovoygy" (weapon) {heavy, SInv}
   (You found it on level 3 of the Dungeon)

   SInv:      It lets you see invisible.
 n - a +2 dagger of electrocution
 I - a +3 war axe of draining
 R - a +2 rapier of venom
Missiles
 d - 18 poisoned darts (quivered)
 q - 2 silver javelins
 z - a throwing net
Armour
 b - a +0 robe
 c - the cursed +2 cloak "Share My Levity" (worn) {Fort, Cun}

   It has a curse which improves the following skills: Fortitude: Armour and
   Shields.
   Cunning:   Dodging and Stealth.
 h - a +0 pair of gloves (worn)
 i - a +3 leather armour (worn)
 B - a +0 buckler (worn)
 H - the +2 scale mail of Verdant Leaves {rElec rN+}
   (You found it on level 7 of the Dungeon)

   rElec:     It insulates you from electricity.
   rN:        It protects you from negative energy.
 S - the +0 leather armour of Misanthropy {rC+ Int+2}
   (You found it on level 8 of the Dungeon)

   Int:       It affects your intelligence (+2).
   rC:        It protects you from cold.
Jewellery
 m - the cursed ring "Share My Repose" (left hand) {SInv, Elem, Comp}
   (You found it on level 1 of the Dungeon)

   [ring of see invisible]

   SInv:      It lets you see invisible.
   It has a curse which improves the following skills: Elements: Fire Magic, Ice
   Magic, Air Magic and Earth Magic.
   Companions: Summonings and Necromancy.
 o - an amulet of regeneration (around neck)
 p - the amulet of the Air {Inacc Air Fly rElec RMsl}
   (You found it in a Gauntlet)

   [amulet of nothing]

   Inacc:     It reduces the accuracy of your attacks and spells.
   Air:       It enhances your air magic.
   rElec:     It insulates you from electricity.
   Fly:       It grants you flight.
   RMsl:      It protects you from missiles.
 w - an amulet of magic regeneration
 L - a +5 ring of evasion
 Q - a ring of protection from fire (right hand)
Wands
 u - a wand of light (2)
 y - a wand of flame (5)
Scrolls
 j - a scroll of magic mapping
 s - a scroll of blinking
 t - 4 scrolls of teleportation
 v - 2 scrolls of vulnerability
 A - 6 scrolls of immolation
 D - a scroll of amnesia
 E - 3 scrolls of fear
 K - a scroll of brand weapon
 O - a scroll of silence
Potions
 f - 3 potions of lignification
 k - 5 potions of curing
 r - a potion of brilliance
 C - 3 potions of haste
 F - a potion of ambrosia
 M - 2 potions of mutation
 P - a potion of might


   Skills:
 + Level 7.4 Fighting
 + Level 7.8 Short Blades
 - Level 2.1 Throwing
 + Level 7.9(8.8) Dodging
 * Level 11.8(12.6) Stealth
 + Level 2.0 Spellcasting
 + Level 1.6 Hexes
 + Level 5.7(6.5) Necromancy
 + Level 6.9(7.8) Air Magic


You had 11 spell levels left.
You knew the following spells:

 Your Spells              Type           Power      Damage    Failure   Level
a - Freeze                Ice            4%         1d3       32%         1
b - Ensorcelled Hibernat  Hex/Ice        8%         N/A       36%         2

Your spell library contained the following spells:

 Spells                   Type           Power      Damage    Failure   Level
 Beastly Appendage        Tmut           2%         N/A       34%         1
 Wereblood                Tmut           1%         N/A       45%         2
 Anguish                  Hex/Necr       7%         N/A       54%         4
 Inner Flame              Hex/Fire       4%         N/A       58%         3
 Ozocubu's Armour         Ice            1%         N/A       69%         3
 Spider Form              Tmut/Pois      1%         N/A       71%         3
 Cause Fear               Hex            3%         N/A       86%         4
 Passage of Golubria      Tloc           1%         N/A       98%         4
 Summon Forest            Summ/Tloc      0%         N/A       100%        5
 Eringya's Noxious Bog    Tmut/Pois      0%         N/A       100%        6
 Malign Gateway           Summ/Tloc      0%         N/A       100%        7
 Ozocubu's Refrigeration  Ice            0%         4d7       100%        7
 Summon Hydra             Summ           1%         N/A       100%        7
 Discord                  Hex            3%         N/A       100%        8


Dungeon Overview and Level Annotations

Branches:
Dungeon (9/15)             Temple (1/1) D:6            Lair (2/5) D:8
  Swamp (0/4) Lair:2      Gauntlet (1/1)
  Snake: Lair:2-3    Spider: Lair:2-3       Orc: D:9-12

Altars:
Ashenzari
Cheibriados
Dithmenos
Elyvilon
Fedhas
Hepliaklqana
Kikubaaqudgha
Makhleb
Nemelex Xobeh
Okawaru
Qazlal
Ru
Sif Muna
Uskayaw
Vehumet
Wu Jian
Xom
Yredelemnul
Zin
The Shining One

Shops:
D:7 [!

Annotations:
D:1 1 transporter
D:4 Dowan, Duvessa
D:9 Gastronok, Grum Gauntlet 7 transporters


Innate Abilities, Weirdness & Mutations

You have a beak for a mouth.
You have claws for feet.
Your magical nature lets you fly swiftly and evasively.


Message History

Press: ? - help, Q - select action, (/) - cycle Shift-Dir - straight line, f/p - minotaur
Aim: a minotaur, wielding a +3 heavy broad axe, wearing a +0 plate armour, wearing the ring of Beogh's Inspiration {Contam rElec rC+++ EV+5 Str+4} and quivering silver javelins (heavily wounded, wandering, blind, hasn't noticed you, 60% to hit)
You throw a poisoned dart. The poisoned dart hits the minotaur.
The minotaur is poisoned.
The minotaur is heavily wounded.
You feel a little less mighty now.
The minotaur is no longer blind.
Throw: 19 darts (poison)
Press: ? - help, Q - select action, (/) - cycle Shift-Dir - straight line, f/p - minotaur
Aim: a minotaur, wielding a +3 heavy broad axe, wearing a +0 plate armour, wearing the ring of Beogh's Inspiration {Contam rElec rC+++ EV+5 Str+4} and quivering silver javelins (heavily wounded, poisoned, 60% to hit)
You throw a poisoned dart. The poisoned dart hits the minotaur.
The minotaur looks even sicker.
The minotaur is heavily wounded.
Aiming: Bolt of Light
Press: ? - help, Shift-Dir - straight line, f/p - minotaur
Aim: a minotaur, wielding a +3 heavy broad axe, wearing a +0 plate armour, wearing the ring of Beogh's Inspiration {Contam rElec rC+++ EV+5 Str+4} and quivering silver javelins (heavily wounded, very poisoned, 68% to hit)
The bolt of light hits the minotaur!!
The minotaur is severely wounded.
The minotaur is blinded.
Aiming: Throw Flame
Press: ? - help, Shift-Dir - straight line, f/p - minotaur
Aim: a minotaur, wielding a +3 heavy broad axe, wearing a +0 plate armour, wearing the ring of Beogh's Inspiration {Contam rElec rC+++ EV+5 Str+4} and quivering silver javelins (severely wounded, blind, very poisoned, 64% to hit)
The puff of flame hits the minotaur but does no damage.
The minotaur is severely wounded.
Aiming: Bolt of Light
Press: ? - help, Shift-Dir - straight line, f/p - minotaur
Aim: a minotaur, wielding a +3 heavy broad axe, wearing a +0 plate armour, wearing the ring of Beogh's Inspiration {Contam rElec rC+++ EV+5 Str+4} and quivering silver javelins (severely wounded, blind, very poisoned, 68% to hit)
The bolt of light hits the minotaur!
The minotaur is almost dead.
You puncture the minotaur! Your kick misses the minotaur.
Your peck misses the minotaur.
The minotaur is almost dead.
The minotaur hits you with a +3 heavy broad axe!!
The minotaur misses you.
You closely miss the minotaur. Your kick misses the minotaur.
The minotaur is almost dead.
The minotaur is no longer blind.
The minotaur hits you with a +3 heavy broad axe!!!
Ouch! That really hurt!
You die...

#.###.###.##
#.###.###.###.#
#......(......#
#######(#######
.... ###.###
#≈...≈# #≈≈H≈≈#
#≈≈@≈≈# #######


You could see a minotaur (poisoned).

Vanquished Creatures
  A cacodemon (Gauntlet)
  A two-headed ogre (D:8)
  Pikel (D:7)
  3 cane toads (Lair:1)
  5 komodo dragons
  An ice devil (Gauntlet)
  6 blink frogs (Lair:1)
  A ynoxinul (Gauntlet)
  A shadow (D:7)
  A steam dragon (D:7)
  3 water moccasins (Lair:1)
  An orc warrior (D:7)
  3 sky beasts
  2 ice beasts
  A black bear (D:7)
  4 wolves
  2 centaurs
  A lemure (D:7)
  A phantom (D:5)
  11 bullfrogs
  A necrophage (D:6)
  2 gnoll sergeants (D:7)
  3 scorpions
  8 wights
  A killer bee (D:7)
  A howler monkey (D:6)
  6 hounds
  An orc priest (D:7)
  A gnoll bouda (D:6)
  4 jellies
  4 iguanas
  3 orc wizards
  Robin (D:2)
  12 adders
  13 gnolls
  4 river rats (D:6)
  2 shadow imps (D:7)
  4 white imps
  2 worms
  4 dart slugs
  23 orcs
  12 ball pythons
  6 endoplasms
  3 giant cockroaches
  18 goblins
  6 hobgoblins
  5 jackals
  5 quokkas
  5 bats
  A frilled lizard (D:3)
  5 kobolds
  3 rats
219 creatures vanquished.

Vanquished Creatures (collateral kills)
  A komodo dragon (Lair:1)
  5 wolves (Lair:1)
6 creatures vanquished.

Vanquished Creatures (others)
  3 fungi
  38 plants
41 creatures vanquished.

Grand Total: 266 creatures vanquished

Notes
Turn   | Place    | Note
-------+----------+-------------------------------------------
     0 | D:1      | Shayle the Tengu Brigand began the quest for the Orb.
     0 | D:1      | Reached XP level 1. HP: 12/12 MP: 2/2
   155 | D:2      | Reached XP level 2. HP: 17/17 MP: 3/3
   222 | D:2      | Found a shimmering altar of Xom.
   255 | D:2      | Reached XP level 3. HP: 22/22 MP: 4/4
  1256 | D:2      | Reached XP level 4. HP: 21/27 MP: 5/5
  1483 | D:2      | Reached skill level 5 in Stealth
  1778 | D:3      | Noticed Robin
  1850 | D:3      | Found a broken altar of Ashenzari.
  1860 | D:3      | Became a worshipper of Ashenzari the Shackled
  1861 | D:3      | Found a shadowy altar of Dithmenos.
  2044 | D:3      | Got the Textbook on Hoarfrost and Peregrination
  2053 | D:3      | Gained mutation: Your magical nature lets you fly swiftly
                  | and evasively. [Tengu growth]
  2053 | D:3      | Reached XP level 5. HP: 26/32 MP: 6/6
  2055 | D:3      | Learned a level 1 spell: Freeze
  2187 | D:3      | Found a snail-covered altar of Cheibriados.
  2214 | D:2      | Killed Robin
  2471 | D:3      | Identified the +5 dagger "Faovoygy" {heavy, SInv}
  2510 | D:3      | Found an ancient bone altar of Kikubaaqudgha.
  2510 | D:3      | Found a radiant altar of Vehumet.
  2510 | D:3      | Found a burning altar of Makhleb.
  2511 | D:3      | Found a hide-covered altar of Uskayaw.
  2514 | D:3      | Found a white marble altar of Elyvilon.
  2515 | D:3      | Found a hazy altar of Hepliaklqana.
  2748 | D:4      | Reached XP level 6. HP: 35/37 MP: 7/7
  2768 | D:4      | Noticed Dowan
  2768 | D:4      | Noticed Duvessa
  3015 | D:4      | Reached skill level 6 in Stealth
  3207 | D:5      | Entered Level 5 of the Dungeon
  3455 | D:5      | Reached XP level 7. HP: 34/42 MP: 8/8
  3972 | D:6      | Reached skill level 7 in Stealth
  4079 | D:6      | Reached XP level 8. HP: 41/48 MP: 9/9
  4373 | D:6      | Found a staircase to the Ecumenical Temple.
  4383 | Temple   | Entered the Ecumenical Temple
  4409 | D:6      | Found a snail-covered altar of Cheibriados.
  4449 | D:6      | Reached skill level 8 in Stealth
  4570 | D:6      | Reached skill level 5 in Fighting
  4570 | D:6      | Reached skill level 5 in Dodging
  4748 | D:6      | Reached * piety under Ashenzari
  4894 | D:7      | Reached skill level 5 in Short Blades
  4907 | D:7      | Identified the +2 scale mail of Verdant Leaves {rElec rN+}
  4916 | D:7      | Reached skill level 1 in Air Magic
  4917 | D:7      | Reached skill level 1 in Necromancy
  4919 | D:7      | Reached XP level 9. HP: 54/54 MP: 10/10
  4982 | D:7      | Found Fatuwel's Distillery.
  4984 | D:7      | Noticed Pikel
  4997 | D:7      | Killed Pikel
  4998 | D:7      | Reached skill level 9 in Stealth
  5045 | D:7      | Bought a potion of invisibility for 120 gold pieces
  5045 | D:7      | Bought a potion of heal wounds for 75 gold pieces
  5045 | D:7      | Bought a potion of heal wounds for 75 gold pieces
  5045 | D:7      | Bought a potion of curing for 45 gold pieces
  5658 | D:7      | Reached XP level 10. HP: 44/60 MP: 11/11
  5719 | D:7      | Reached skill level 10 in Stealth
  5788 | D:7      | Found a snail-covered altar of Cheibriados.
  5788 | D:7      | Found Cheibriados's Comfort Zone.
  6030 | D:8      | Noticed a two-headed ogre
  6101 | D:8      | Killed a two-headed ogre
  6336 | D:8      | Found a staircase to the Lair.
  6511 | D:8      | Identified the +0 leather armour of Misanthropy {rC+ Int+2}
  6823 | D:9      | Noticed Grum
  6860 | D:8      | Reached skill level 5 in Air Magic
  6908 | D:9      | Noticed Gastronok
  7024 | Lair:1   | Entered Level 1 of the Lair of Beasts
  7375 | Lair:1   | Reached skill level 11 in Stealth
  7399 | Lair:1   | Reached XP level 11. HP: 24/67 MP: 12/12
  7539 | Lair:1   | Learned a level 2 spell: Ensorcelled Hibernation
  7564 | Lair:1   | Reached skill level 5 in Necromancy
  7614 | Lair:1   | Reached skill level 1 in Spellcasting
  7814 | Lair:1   | Reached skill level 1 in Hexes
  8651 | Lair:2   | Found a gate leading to a gauntlet.
  8680 | Gauntlet | Entered a Gauntlet
  8680 | Gauntlet | Found a transporter.
  8683 | Gauntlet | Found a transporter.
  8685 | Gauntlet | Found a transporter.
  8688 | Gauntlet | Noticed a necromancer
  8700 | Gauntlet | Found a transporter.
  8701 | Gauntlet | Found a transporter.
  8706 | Gauntlet | Noticed an entropy weaver
  8710 | Gauntlet | Found a transporter.
  8710 | Gauntlet | Identified the ring of Zycean {*Slow rCorr Str+7 Dex+6}
  8726 | Gauntlet | Found a transporter.
  8728 | Gauntlet | Identified the +1 cloak of the Dice {rN+ Int+5}
  8736 | Gauntlet | Found a transporter.
  8743 | Gauntlet | Noticed a cacodemon
  8745 | Gauntlet | Found the amulet of the Air {Inacc Air Fly rElec RMsl}
  8746 | Gauntlet | Found a transporter.
  8761 | Gauntlet | Found a transporter.
  8770 | Gauntlet | Found a transporter.
  8771 | Gauntlet | Identified the +8 plate armour of Dinaiq {Stlth+}
  8776 | Gauntlet | Found a transporter.
  8945 | Gauntlet | Found a transporter.
  9065 | Gauntlet | Killed a cacodemon
  9080 | Gauntlet | Identified the ring of Beogh's Inspiration {Contam rElec
                  | rC+++ EV+5 Str+4}
  9080 | Gauntlet | Noticed a minotaur
  9103 | Gauntlet | Demolished by a minotaur

Illustrated notes

Levels and vault maps discovered:
D:1:      spicycebolla_arrival_risky_transporter, layout_basic,
          minmay_tetromino_l2
D:2:      layout_loops_cross, basic_altar, amcnicky_mini_rare_corridor_liquid,
          minivault_5, minmay_indecisive_spiral
D:3:      layout_rooms, ashenzari_altar_1, cheibriados_altar_1, minitemple,
          minmay_statues_item, st_stairs_6, uniq_robin
D:4:      layout_loops_ring, minmay_cut_off, uniq_duvessa
D:5:      layout_rooms, nrook_mini_vaults
D:6:      wad_woods_stonehenge, layout_basic, minmay_temple_entry_hall
D:7:      minmay_razor_zed, layout_loops_ring, serial_shops,
          nicolae_square_shop, minmay_shop_chei, uniq_pikel
D:8:      layout_loops_ring, dpeg_oklobed_lair
D:9:      layout_loops_ring, mainiacjoe_overflow_concentric_impassable,
          nicolae_overflow_hidden_temple, uniq_maggie, uniq_gastronok,
          uniq_grum, uniq_maurice
Temple:   minmay_freezing_vapour_temple
Lair:1:   layout_cave_pods
Lair:2:   layout_regular_city, swamp_mist, gauntlet_entry_generic,
          cheibrodos_lair_reptile_den, lemuel_fruit_fields
Gauntlet: minmay_gauntlet_77_tree [minmay_gauntlet_arena_77_two_lines,
          minmay_gauntlet_arena_77_checkered, minmay_gauntlet_arena_77_squiggly,
          minmay_gauntlet_arena_77_hold_the_fort,
          minmay_gauntlet_arena_77_braids,
          minmay_gauntlet_arena_77_chump_sandwich,
          minmay_gauntlet_arena_77_block_sizes, gauntlet_exit_watery]

Skill      XL: |  1  2  3  4  5  6  7  8  9 10 11 |
---------------+----------------------------------+-----
Dodging        | 2 3 4 5 6 7 |  7.9
Stealth        | 5 6 7 8 9 11 | 11.8
Fighting       | 3 4 5 6 7 |  7.4
Short Blades   | 3 4 5 6 7 |  7.8
Air Magic      | 1 4 6 |  6.9
Necromancy     | 1 3 4 5 |  5.7
Spellcasting   | 2 |  2.0
Hexes          | 1 |  1.6
Throwing       | |  2.1

Action                     |  1- 3 |  4- 6 |  7- 9 | 10-12 || total
---------------------------+-------+-------+-------+-------++-------
  Melee: Dagger            |    90 |   176 |   199 |   195 ||   660
         Kick              |    16 |    37 |    62 |    56 ||   171
         Peck              |    12 |    19 |    40 |    35 ||   106
         Punch             |     1 |     2 |       |       ||     3
  Throw: Dart              |     4 |     4 |     2 |    14 ||    24
         Throwing net      |       |       |       |     2 ||     2
   Cast: Freeze            |       |       |     2 |       ||     2
 Invoke: Curse Item        |       |     1 |     1 |       ||     2
  Evoke: Wand              |       |       |    12 |    29 ||    41
    Use: Potion            |       |     3 |     1 |     6 ||    10
         Scroll            |       |    14 |     2 |     5 ||    21
   Stab: Sleeping          |    10 |    13 |    11 |     9 ||    43
         Distracted        |       |     2 |     1 |       ||     3
         Invisible         |       |       |       |     2 ||     2
 Armour: Robe              |    21 |    39 |       |       ||    60
         Leather armour    |       |    42 |    54 |    48 ||   144
  Dodge: Dodged            |    45 |   177 |   159 |   191 ||   572
  Block: Buckler           |       |       |    33 |    25 ||    58

Table legend: (Time is in decaauts)
 A = Elapsed time spent in this place.
 B = Non-inter-level travel time spent in this place.
 C = Inter-level travel time spent in this place.
 D = Time resting spent in this place.
 E = Time spent auto-exploring this place.
 F = Levels seen in this place.
 G = Mean time per level.
                   A        B        C        D        E       F      G
               +--------+--------+--------+--------+--------+-----+--------+
         Total |   8670 |   8340 |    330 |   1454 |   4057 |  13 |  666.9 |
       Dungeon |   6694 |   6396 |    298 |    627 |   3504 |   9 |  743.8 |
        Temple |      1 |      0 |      1 |      0 |      0 |   1 |    1.0 |
          Lair |   1572 |   1542 |     30 |    665 |    553 |   2 |  786.0 |
      Gauntlet |    401 |    401 |      0 |    161 |      0 |   1 |  401.0 |
               +--------+--------+--------+--------+--------+-----+--------+

Top non-repeatable levels by time:
  Lair:1: 1530 daAuts
     D:2: 1112 daAuts
     D:7: 1098 daAuts
     D:1: 928 daAuts
     D:6: 915 daAuts
     D:8: 887 daAuts
     D:4: 597 daAuts
     D:5: 563 daAuts
     D:3: 556 daAuts
Gauntlet: 401 daAuts
  Lair:2: 42 daAuts
     D:9: 35 daAuts
  Temple: 1 daAuts
